Cogmind - Beta 12 @@@ ROGUE MODE // 2023.03.12 @ 15:39:30 Player: ArabianSandBoa Result: Destroyed by D-53 Grenadier with Mini Grenade Launcher Performance ------------- Evolutions (0) 0 Regions Visited (2) 400 Robots Destroyed (25) 125 Value Destroyed (245) 245 Prototype IDs (0) 0 Alien Tech Used (0) 0 Bonus (0) 0 TOTAL SCORE: 770 Bonus ------- None Cogmind --------- Core Integrity 0/250 Matter 291/300 Energy 93/100 System Corruption 2% Temperature Cool (0) Movement Core (350) Ox6 Location -10/Mines Parts ------- > --- POWER (1) -------- (None) > --- PROPULSION (2) --- (None) > --- UTILITY (2) ------ Large Storage Unit Targeting Computer > --- WEAPON (2) ------- (None) > --- INVENTORY (15) --- Wheel Flight Unit Flight Unit Flight Unit Flight Unit Flight Unit Large Storage Unit Weight Redist. System Improved Terrain Scanner Seismic Detector Tractor Beam Mining Claw Peak State ------------ > --- POWER ------------ Light Ion Engine > --- PROPULSION ------- Wheel Compact Wheel > --- UTILITY ---------- Small Storage Unit Improved Terrain Scanner > --- WEAPON ----------- EM Pulse Gun Assault Rifle > --- INVENTORY -------- Ion Engine Light Treads Light Treads Tractor Beam Assault Rifle [Rating: 9] Favorites ----------- Power Light Ion Engine Engine Light Ion Engine Propulsion Wheel Leg Aluminum Leg Wheel Wheel Utility Large Storage Unit Device Seismic Detector Storage Large Storage Unit Processor Targeting Computer Weapon Assault Rifle Energy Gun EM Pulse Gun Ballistic Gun Assault Rifle Ballistic Cannon Light Cannon Build | -11 -10 -10 ------- Run | Jun Mat Min Slots Evolved . | . . . Power . | . . . Propulsion . | . . . Utility . | . . . Weapon . | . . . Parts Attached 12 | 4 4 4 Power 2 | . 1 1 Engine 2 | . 1 1 Core . | . . . Reactor . | . . . Propulsion 2 | 2 . . Treads . | . . . Leg . | . . . Wheel 2 | 2 . . Hover . | . . . Flight . | . . . Utility 4 | 2 2 . Device 2 | 2 . . Storage 1 | . 1 . Processor 1 | . 1 . Hackware . | . . . Protection . | . . . Artifact . | . . . Weapon 4 | . 1 3 Energy Gun . | . . . Energy Cannon . | . . . Ballistic Gun 3 | . 1 2 Ballistic Cannon 1 | . . 1 Launcher . | . . . Special Weapon . | . . . Impact Weapon . | . . . Slashing Weapon . | . . . Piercing Weapon . | . . . Special Melee Weapon . | . . . Unidentified Prototypes . | . . . Parts Lost 10 | . 2 8 Power 3 | . 1 2 Propulsion 2 | . . 2 Utility . | . . . Weapon 5 | . 1 4 Highest Loss Streak 6 | . 1 6 To Critical Strikes . | . . . Average Slot Usage (%) 98 | . 99 98 Engine 13 | . 13 12 Wheel 27 | . 28 27 Device 2 | . 3 . Storage 14 | . 14 14 Processor 11 | . 10 14 Energy Gun 3 | . 6 . Ballistic Gun 24 | . 21 27 Naked Turns . | . . . Heaviest Build 29 | 13 29 29 Greatest Support 26 | 26 26 26 Greatest Overweight (x) 1 | . 1 1 Average Overweight (x) . | . . . Largest Inventory Capacity 15 | 8 15 15 Average Capacity 13 | 8 13 15 Most Carried 15 | 7 15 15 Average Carried 11 | 4 10 13 Final Capacity 15 | 8 15 15 Final Carried 15 | 5 15 12 Class Distribution -------------------- 100% | Mutant Dominant Class ---------------- Mutant | -10/Materials Mutant | -10/Mines Resources | -11 -10 -10 ----------- Run | Jun Mat Min Matter Collected 577 | 240 181 156 Remotely . | . . . Salvage Created 698 | 187 325 186 Parts 54 | 15 32 7 Haulers Intercepted 1 | . 1 . Recyclers Shooed 2 | 1 1 . Parts Field Recycled . | . . . Retrieved Matter . | . . . Parts Self-Destructed . | . . . Prevented . | . . . Kills | -11 -10 -10 ------- Run | Jun Mat Min Combat Hostiles Destroyed 20 | . 10 10 Guns 19 | . 9 10 AOE 1 | . 1 . Classes Destroyed 9 | 3 5 1 Worker 4 | 2 1 1 Tunneler 3 | 3 . . Hauler 1 | . 1 . Recycler 1 | 1 . . Operator 1 | . 1 . Watcher 2 | . 2 . Swarmer 12 | . 9 3 Grunt 1 | . 1 . Assembled 7 | . . 7 Best Kill Streak 7 | 2 4 7 Combat Bots Only 7 | . 3 7 Max Kills in Single Turn 1 | 1 1 1 Gunslinging . | . . . Exploded 1 | . 1 . Melee . | . . . Uniques/NPCs Destroyed . | . . . Combat | -11 -10 -10 -------- Run | Jun Mat Min Damage Taken 987 | . 261 726 Core 260 | . 39 221 Absorbed by Shields . | . . . Core Remaining (%) 100 | 100 . . Volleys Fired 95 | 20 46 29 Largest 2 | 1 2 2 Hottest 60 | 40 60 55 Shots Fired 161 | 20 84 57 Gun 158 | 20 84 54 Cannon 3 | . . 3 Launcher . | . . . Special . | . . . Kinetic 119 | . 62 57 Thermal . | . . . Explosive . | . . . Electromagnetic 42 | 20 22 . Robot Hit Streak 14 | 5 7 14 Robot Miss Streak 3 | 2 3 2 Penetration Max . | . . . Secondary Targets 3 | . . 3 Max Gunslinging Chain 1 | . . 1 Shots Hit Robots 104 | 13 46 45 Core Hits 44 | 7 18 19 Critical Kills . | . . . Critical Parts Destroyed . | . . . Critical Strikes . | . . . Melee Attacks . | . . . Impact . | . . . Slashing . | . . . Piercing . | . . . Sneak Attacks . | . . . Combat Hostiles . | . . . Follow-up Attacks . | . . . Damage Inflicted 1456 | 278 694 484 Guns 1244 | 183 628 433 Cannons 51 | . . 51 Explosions 161 | 95 66 . Melee . | . . . Ramming . | . . . Kinetic 924 | . 440 484 Thermal 161 | 95 66 . Explosive . | . . . Electromagnetic 371 | 183 188 . Impact . | . . . Slashing . | . . . Piercing . | . . . Highest Corruption 2 | . . 2 Average Corruption 2 | . . 2 Corruption Purged . | . . . Corruption Blocked . | . . . Effects 1 | . . 1 Weapon Failures 1 | . . 1 Overload Shots . | . . . Overflow Damage . | . . . Projectiles . | . . . Explosions . | . . . Melee . | . . . Knockbacks 1 | . . 1 Impact . | . . . Kinetic 1 | . . 1 Secondary . | . . . Self-Inflicted Damage . | . . . Shots . | . . . Rammed . | . . . Targets Rammed . | . . . Kicked . | . . . Crushed . | . . . Highest Temperature 30 | 20 30 20 Average Temperature 15 | 20 18 10 Received Heat Transfer 210 | . 30 180 Siege Activations . | . . . Robots Corrupted . | . . . Combat Hostiles . | . . . Parts Fried 2 | 2 . . Impact Corruptions . | . . . Robots Melted . | . . . Combat Hostiles . | . . . Parts Melted . | . . . Heat Transferred 150 | 50 100 . Parts Sabotaged . | . . . Parts Stolen . | . . . Parts Stripped . | . . . Power Chain Reactions 4 | 2 2 . Missiles Intercepted . | . . . Alert | -11 -10 -10 ------- Run | Jun Mat Min Peak Influence 341 | 30 341 156 Initial 81 | . 19 81 Average 133 | 14 173 118 Maximum Alert Level 1 | . 1 . Low Security (%) 74 | 100 48 100 Level 1 25 | . 51 . Level 2 . | . . . Level 3 . | . . . Level 4 . | . . . Level 5 . | . . . High Security . | . . . Max Security . | . . . Squads Dispatched 1 | . 1 . Investigation . | . . . Extermination . | . . . Reinforcement 1 | . 1 . Assault . | . . . Garrison . | . . . Intercept . | . . . Searches Triggered . | . . . Construction Impeded . | . . . Haulers Reinforced . | . . . Active Scanning Responses . | . . . Cargo Convoy Interrupts . | . . . Stealth | -11 -10 -10 --------- Run | Jun Mat Min Distress Signals 1 | . 1 . Communications Jammed . | . . . Distress Signals . | . . . Times Spotted 35 | . 17 18 Peak Tracking Total 13 | . 4 13 Tactical Retreats 2 | . 2 . Traps | -11 -10 -10 ------- Run | Jun Mat Min Traps Triggered . | . . . Indirectly . | . . . Trap Hack Attempts . | . . . Triggered . | . . . Disarmed . | . . . Reprogrammed . | . . . Reused . | . . . Traps Extracted . | . . . Installed 3 | . . 3 Triggered . | . . . Machines | -11 -10 -10 ---------- Run | Jun Mat Min Machines Disabled 1 | . 1 . Max in Single Turn 1 | . 1 . Machines Repaired . | . . . Machines Sabotaged . | . . . Overloaded Fab Kills . | . . . Hacking | -11 -10 -10 --------- Run | Jun Mat Min Machines Accessed 2 | . 2 . Terminals 1 | . 1 . Fabricators . | . . . Repair Stations . | . . . Recycling Units 1 | . 1 . Scanalyzers . | . . . Garrison Access . | . . . Total Hacks 10 | . 10 . Successful 5 | . 5 . Failed 5 | . 5 . Catastrophic . | . . . Database Lockouts . | . . . Manual 9 | . 9 . Terminals 4 | . 4 . Fabricators . | . . . Repair Stations . | . . . Recycling Units 6 | . 6 . Scanalyzers . | . . . Garrison Access . | . . . Terminal Hacks . | . . . Fabricator Hacks . | . . . Repair Station Hacks . | . . . Recycling Unit Hacks 1 | . 1 . Report Inventory 1 | . 1 . Scanalyzer . | . . . Garrison Access Hacks . | . . . Unauthorized Hacks 4 | . 4 . Terminals 1 | . 1 . Botnet 1 | . 1 . Fabricators . | . . . Repair Stations . | . . . Recycling Units 3 | . 3 . Monitor 1 | . 1 . Reject 1 | . 1 . Mask 1 | . 1 . Scanalyzers . | . . . Garrison Access . | . . . Data Cores Recovered . | . . . Used . | . . . Hacking Detections 1 | . 1 . Full Trace Events . | . . . Feedback Events . | . . . Feedback Blocked . | . . . Robot Schematics Acquired . | . . . Robots Built . | . . . Authchips . | . . . Time . | . . . Total Robot Build Rating . | . . . Part Schematics Acquired . | . . . Parts Built . | . . . Authchips . | . . . Time . | . . . Total Part Build Rating . | . . . Parts Repaired . | . . . Time . | . . . Parts Recycled . | . . . Recycled Matter . | . . . Retrieved Matter . | . . . Retrieved Components . | . . . Parts Scanalyzed . | . . . Part Schematics Acquired . | . . . Parts Damaged . | . . . Bothacking | -11 -10 -10 ------------ Run | Jun Mat Min Used RIF Installer . | . . . Robots Hacked . | . . . Non-combat . | . . . Combat . | . . . Robot Hacks Applied . | . . . Relay Couplers Released . | . . . Fabnet Peak Effective % . | . . . Robots Rewired . | . . . Allies Hacked . | . . . Hacks Repelled . | . . . Allies | -11 -10 -10 -------- Run | Jun Mat Min Total Allies 3 | . . 3 Largest Group 3 | . . 3 Highest-Rated Group 40 | . . 40 Highest-Rated Ally 16 | . . 16 Total Orders . | . . . Ally Attacks 9 | . . 9 Total Damage 90 | . . 90 Kills . | . . . Allies Corrupted . | . . . Allies Melted . | . . . Intel | -11 -10 -10 ------- Run | Jun Mat Min Robot Analysis Total . | . . . Derelict Logs Recovered 1 | . . 1 Drone Launches . | . . . Drone Recoveries . | . . . Exploration | -11 -10 -10 ------------- Run | Jun Mat Min Turns Passed 986 | 114 485 387 Spaces Moved 591 | 33 308 250 Core . | . . . Treads . | . . . Legs . | . . . Wheels 591 | 33 308 250 Hover . | . . . Flight . | . . . Fastest Speed 90 | 90 90 90 Average Speed 102 | 90 102 103 Slowest Speed 105 | 90 105 105 Overloaded Moves . | . . . Propulsion Burnouts . | . . . Robots Hopped . | . . . Cave-ins Triggered . | . . . Exploration Rate (%) 43 | 3 60 66 Regions Visited 2 Branch Regions 1 Pre-discovered Areas . | . . . Known Exits Taken . | . . . Unknown Exits Taken 2 | 1 1 . Scrap Searched . | . . . Spaces Dug . | . . . Terrain Destroyed 13 | 5 8 . Melee . | . . . Projectile . | . . . AOE 13 | 5 8 . Terrain Rammed . | . . . Walls Destroyed . | . . . Machines Disabled . | . . . Actions | -11 -10 -10 --------- Run | Jun Mat Min Total 814 | 97 393 324 Wait 92 | 34 23 35 Move 589 | 32 307 250 Hop . | . . . Pick Up 16 | 3 12 1 Fast Attach 2 | 1 . 1 Attach 4 | . 2 2 Detach . | . . . Swap 6 | 3 2 1 Drop 7 | 4 1 2 Fire 95 | 20 46 29 Melee . | . . . Ram . | . . . Kick . | . . . Crush . | . . . Escape Stasis . | . . . Rewire . | . . . Trap 3 | . . 3 Miscellaneous . | . . . Route ------- -11/Junkyard -10/Materials (discovered 3 exits: [*Mat] / [*Min x2]) -10/Mines (discovered 1 exit: [*Mat]) History --------- Turn | Location | Event 22 | -11/Junkyard | Discovered new exit (range 3) 115 | -11/Junkyard | Entered Materials 127 | -10/Materials | Discovered new exit (range 14) 209 | -10/Materials | Discovered new exit (range 15) 301 | -10/Materials | Build established: Mutant 399 | -10/Materials | Discovered new exit (range 16) 600 | -10/Materials | Entered Mines 636 | -10/Mines | Learned Materials terminal intel 656 | -10/Mines | Met a Derelict bent on vengeance 676 | -10/Mines | Found a hidden stash of uninstalled traps 694 | -10/Mines | Discovered new exit (range 5) 703 | -10/Mines | Assisted by bots powering up and referring to "LRC-V3" 852 | -10/Mines | Assembled infested the area 924 | -10/Mines | Core integrity fell below 50% 958 | -10/Mines | Destroyed 7 combat bots 987 | -10/Mines | Core integrity fell below 20% 987 | -10/Mines | Destroyed by D-53 Grenadier with Mini Grenade Launcher Last Messages --------------- 00938_ T-07 Excavator is excavating. 00942_ Acquired Lgt. Ion Engine. 00942_ T-07 Excavator is excavating. 00957_ Acquired 12 matter. 00957_ Acquired 18 matter. 00960_ T-07 Excavator is excavating. 00960_ Acquired 6 matter. 00973_ T-07 Excavator is excavating. 00978_ D-53 Grenadier knocked back. 00979_ Lgt. Ion Engine destroyed. 00979_ Com. Wheel destroyed. 00981_ The unstable cave ceiling collapses. 00982_ T-07 Excavator is excavating. 00983_ The unstable cave ceiling collapses. 00984_ Lgt. Cannon destroyed. 00985_ Destroyed Shock Absorption System. 00985_ Assault Rifle destroyed. 00985_ Lgt. Assault Rifle destroyed. 00986_ Wheel destroyed. 00986_ T-07 Excavator is excavating. Map ----- +----------------------------------------------------+ | ????????????????????????????????????????? | | ????????????????????????????????????????? | | ????????????????????????????????????????? | | ????????????????????????????????????????? | | ????????????????????????????????????????? | | ????????????????????????????????????????? | | ????????????????????????????????????????? | | ????????????????????????????????????????? | | ????????????????????????????????????????? | | ????????????????????????????????????????? | | ????????????????????????????????????????? | | ????????????????????????????????????????? | | ????????????????????????????????????????? | | ##??????????????????????????????????????? | | #??????????????????????????????????????? | | #?????????????????????????????????????? | | #????????????????????????????????????? | | ??????????????######?????????????? | | ######?????????????# #?????????????? | | ###?????????????????## t ##????????????? | | ???????????????????## ##???????????? | | ??????????????????## =% ##??????????? | | ??????????????????# ! ##?????????? | | ??????????????????# #?????????? | | ???????????##?????## #?????????? | | ??????????## ??????## @ #?????????? | | ?????????## ??????# #?????????? | | ?????????# ??????# d d ##????????? | | ?????????# #?????## #????????? | | ?????????# # ## ## #????????? | | ??????????# ##????????? | | ?????????# # ##?????????? | | ??######## # g #??????????? | | ??# % #??????????? | | ??# ## #??????????? | | ??# ####### # * ## #??????????? | | ??# #????# ## #??????????? | | ??# #?????######## # ## #??????????? | | ??# #??????????###### # ## #??????????? | | ### #???????????????# ##### #??????????? | | #???????????????# ##??# #??????????? | | ### #??????????????## ##?# #??????????? | | ?## ##????####?????# #?# ####???????? | | ## ##??# ##????# ### #???????? | | ## ### #????## ##### #???????? | | #?????## ##??# #???????? | | ##??????## #### #???????? | | #???????## #???????? | | #???##### #### #???????? | | #???# = ##??# #???????? | +----------------------------------------------------+ Best States ------------- Heat Dissipation 25 Energy Generation 10 Energy Capacity 250 Matter Stores 300 Matter Capacity 300 Sight Range 16 Terrain Scan Range 16 Terrain Scan Density 10 Evasion (%) 42 Targeting Accuracy 5 Item Schematics ----------------- None Robot Schematics ------------------ None Fabricated ------------ Nothing Alien Tech Used ----------------- None Achievements -------------- None Challenges ------------ None Game ------ Seed CatalystEnergyInitializer Manual? 0 Play Time 00:11:27 Cumulative 450.7 hours Start 2023.03.12 @ 15:31:11 End 2023.03.12 @ 15:39:30 Sessions 1 Manual Loads 0 Difficulty Rogue Special Mode None Game No. 505 Rogue 505 Adventurer 0 Explorer 0 Win Type - Total 1 Types 1/0/0/0/0/0/0/0/0 Lore% 60 Gallery% 79 Achievement% 65 Wizard Run 0 Options --------- ASCII 0 Keyboard 0 Movement Mouse Keybinds 0 Fullscreen 2 Font 24/Smallcaps Map View 76x50 Tactical HUD 1 Map Filters NONE Filters NONE Steam 1 RUN: c3e368f7-88be-4db5-97e9-1a5a32af8436